Map: [ESL] Stargazers

Players

ByuN - Winner!

  • Race: Terran Terran
  • Spawn Location: 11:00

MaxPax

  • Race: Protoss Protoss
  • Spawn Location: 1:00

VOD

Have the link to the VOD?

Description

Time

  • Played on: Nov. 5, 2022, 6:24 a.m.
  • Length: 15:24
Show
View Real Time Build Order
Export as new Build Order

ByuN Terran - Winner!

Build Orders: Gas First Reaper Expand 

Get SALT Encoding   

  12  0:00  SCV  
  13  0:12  SCV  
  14  0:17  Supply Depot  
  14  0:24  SCV  
  15  0:28  Refinery  
  15  0:39  Barracks  
  15  0:43  SCV  
  16  0:56  SCV  
  17  1:08  SCV  
  18  1:20  SCV  
  19  1:26  Reaper  
  19  1:32  Orbital Command  
  20  1:43  Command Center  
  20  1:54  Factory  
  20  1:58  SCV  
  21  2:02  Refinery  
  21  2:06  Barracks Reactor  
  21  2:10  SCV  
  21  2:14  Supply Depot  
  22  2:22  SCV  
  23  2:36  SCV  
  24  2:38  Widow Mine  
  24  2:42  Starport  
  24  2:43  Marine x2  
  28  2:48  SCV  
  29  2:56  Orbital Command  
  28  3:00  SCV, Widow Mine  
  28  3:03  Marine  
  28  3:04  Orbital Command  
  28  3:05  Marine  
  33  3:12  SCV  
  34  3:20  Medivac  
  34  3:21  Marine  
  34  3:23  Marine  
  34  3:25  SCV  
  39  3:27  Factory Tech Lab  
  39  3:31  SCV  
  40  3:34  Supply Depot  
  40  3:37  SCV  
  40  3:39  Marine  
  40  3:41  Marine  
  43  3:43  SCV  
  43  3:46  Supply Depot  
  44  3:49  SCV  
  44  3:52  Factory Tech Lab  
  44  3:53  Barracks  
  45  3:56  SCV  
  45  3:59  Raven  
  45  4:01  SCV  
  49  4:07  Marine x2  
  49  4:08  SCV  
  52  4:12  Siege Tank  
  52  4:13  SCV  
  52  4:16  Supply Depot  
  56  4:20  SCV  
  56  4:24  Refinery  
  57  4:25  SCV  
  57  4:27  Marine  
  57  4:28  Marine  
  60  4:32  SCV  
  60  4:38  SCV  
  62  4:39  Supply Depot  
  62  4:43  Barracks  
  62  4:44  SCV  
  63  4:49  Siege Tank  
  63  4:50  SCV  
  67  4:56  SCV  
  67  4:57  Marine  
  67  4:58  Marine  
  69  5:00  Marine  
  69  5:01  Stimpack  
  69  5:02  Supply Depot, SCV  
  71  5:08  SCV  
  71  5:11  Starport Reactor  
  69  5:14  SCV  
  69  5:18  Marine  
  69  5:20  Engineering Bay, SCV  
  67  5:26  SCV, Marine x2  
  66  5:32  SCV  
  67  5:38  SCV  
  67  5:42  Supply Depot  
  68  5:44  SCV  
  68  5:45  Marine, Factory Reactor  
  68  5:46  Marine x2  
  68  5:47  Marine  
  73  5:50  SCV, Terran Infantry Weapons Level 1  
  73  5:54  Supply Depot  
  73  5:55  Combat Shield  
  73  5:57  SCV  
  75  6:02  SCV  
  76  6:05  Supply Depot, Refinery  
  76  6:09  SCV, Marauder x2  
  82  6:12  Medivac x2  
  82  6:16  Marine x2  
  87  6:22  Widow Mine x2  
  91  6:29  Supply Depot  
  91  6:36  Command Center  
  91  6:37  Marauder  
  91  6:38  Marauder  
  95  6:45  Marine x2  
  97  6:47  Widow Mine x2  
  97  6:52  Medivac x2  
  105  6:55  SCV x2  
  105  7:01  Missile Turret  
  105  7:03  Marauder x2  
  105  7:04  Marine  
  105  7:06  Concussive Shells  
  110  7:09  Marine  
  111  7:16  SCV x2  
  113  7:23  Barracks  
  113  7:24  Marauder x2  
  113  7:25  Supply Depot, Barracks  
  113  7:28  SCV  
  115  7:32  Medivac  
  117  7:38  SCV  
  118  7:45  Supply Depot  
  118  7:46  Medivac, Marine  
  118  7:47  SCV, Widow Mine x2  
  118  7:48  Terran Infantry Armor Level 1  
  126  7:51  Marauder  
  126  7:52  Marauder  
  126  7:54  SCV  
  131  8:03  Marine  
  131  8:04  Marine  
  133  8:08  Widow Mine x2  
  133  8:13  Marauder x2  
  133  8:15  SCV x2  
  137  8:20  Barracks Reactor  
  137  8:21  Barracks Tech Lab  
  121  8:27  SCV x2  
  108  8:34  Marauder x2  
  108  8:37  Widow Mine  
  108  8:39  SCV x2  
  116  8:43  Orbital Command  
  116  8:50  Marine x2  
  116  8:51  SCV x2  
  116  8:53  Medivac x2  
  116  8:54  Marauder  
  126  8:56  Marauder x2  
  129  9:03  Ghost Academy, SCV, Marine x2  
  132  9:10  Supply Depot  
  132  9:11  SCV  
  132  9:15  Marauder  
  132  9:16  Engineering Bay, Armory  
  137  9:17  Marauder x2  
  137  9:19  Marine  
  137  9:21  Marine  
  137  9:23  Marine x2  
  143  9:28  Medivac x2  
  143  9:29  Widow Mine  
  148  9:32  Widow Mine  
  148  9:34  Supply Depot  
  148  9:36  Marauder  
  154  9:38  Marauder x2  
  151  9:50  Marine x2  
  151  9:52  Widow Mine  
  147  9:53  Widow Mine  
  147  9:54  Enhanced Shockwaves  
  147  9:55  Supply Depot, Refinery  
  147  9:56  Refinery  
  147  9:59  Ghost  
  149  10:00  Marine, Ghost  
  149  10:01  Marine x2  
  149  10:02  Supply Depot, SCV  
  149  10:03  SCV x2  
  155  10:08  Marine  
  155  10:11  Marine  
  155  10:13  Command Center  
  157  10:18  Ghost  
  151  10:23  Marine x2  
  151  10:25  Marine  
  151  10:28  SCV x2, Marauder  
  143  10:29  Marauder, Marine  
  143  10:32  SCV  
  143  10:33  Widow Mine  
  143  10:34  Widow Mine  
  143  10:41  Marine x2  
  142  10:43  Marine  
  142  10:44  Medivac  
  142  10:48  Marauder  
  137  10:50  Marauder x2  
  137  10:51  Terran Infantry Weapons Level 2  
  137  10:55  Widow Mine x2  
  137  10:56  Marine  
  142  11:00  Terran Infantry Armor Level 2  
  142  11:02  Marine x2  
  142  11:03  Marine  
  145  11:05  Missile Turret  
  145  11:09  Marauder  
  149  11:11  Marauder  
  149  11:12  Marauder  
  149  11:14  Medivac  
  149  11:17  Marine  
  154  11:19  Marine  
  154  11:20  Marine  
  154  11:21  Marine  
  157  11:30  Marauder  
  160  11:33  Marauder x2  
  157  11:44  Marine  
  157  11:45  Marine x2  
  157  11:46  SCV x2  
  145  11:48  SCV  
  145  11:51  Ghost  
  145  11:53  Medivac, Ghost  
  145  11:54  Ghost  
  139  11:55  Widow Mine x2  
  139  11:58  SCV x2  
  139  12:00  SCV  
  139  12:01  Marine  
  125  12:02  Marine  
  124  12:10  SCV x2  
  124  12:12  SCV  
  125  12:16  Marine x2  
  125  12:20  Marauder  
  125  12:21  Barracks x2  
  125  12:22  SCV x2, Marauder  
  132  12:23  Marauder  
  132  12:24  Barracks, Orbital Command, SCV  
  136  12:32  Marine x2  
  136  12:36  Marine x2  
  140  12:42  Marauder  
  140  12:43  Ghost x2  
  140  12:44  Sensor Tower  
  144  12:45  Viking x2  
  144  12:49  Marine  
  144  12:50  Marine  
  152  12:53  Missile Turret  
  152  12:54  Marine  
  152  12:57  Marine  
  154  13:03  Marauder  
  156  13:07  Marine x2  
  156  13:10  Barracks Reactor, Barracks Tech Lab  
  156  13:11  Marine  
  156  13:12  Widow Mine, Barracks Tech Lab, Marauder  
  163  13:13  Marauder, Starport  
  163  13:24  Ghost  
  162  13:28  Ghost  
  162  13:29  Marine x2  
  162  13:30  Marine x2  
  162  13:33  Viking, Ghost  
  172  13:34  Marauder  
  172  13:36  Refinery x2  
  172  13:39  Marauder  
  176  13:47  Marine x2  
  178  13:53  Marauder  
  178  13:55  Ghost  
  179  13:58  Marauder  
  179  14:01  Marauder  
  179  14:02  Marauder  
  181  14:07  Marine  
  181  14:08  Marine  
  181  14:09  Medivac x2  
  182  14:12  Widow Mine x2  
  182  14:13  Marine x2  
  188  14:25  Supply Depot x2  
  188  14:29  Marine x2  
  188  14:32  Marauder  
  188  14:33  Marauder  
  188  14:39  Starport Reactor  
  188  14:40  Supply Depot  
  188  14:43  Medivac, Widow Mine, Marauder x2  
  196  14:46  Marauder  
  181  14:53  Medivac  
  181  14:54  Widow Mine, Marauder x2  
  179  15:03  Marine x2  
Show
View Real Time Build Order
Export as new Build Order

MaxPax Protoss 

Build Orders: 1 Gate Expand, Blink Stalkers 

Get SALT Encoding   

  12  0:00  Probe  
  13  0:12  Probe  
  14  0:17  Pylon  
  14  0:24  Probe (Chrono Boost)  
  15  0:37  Gateway, Probe (Chrono Boost)  
  16  0:44  Probe (Chrono Boost)  
  16  0:45  Assimilator  
  17  0:51  Probe  
  18  1:03  Probe  
  19  1:15  Probe  
  20  1:23  Cybernetics Core  
  20  1:30  Nexus  
  20  1:32  Probe  
  20  1:39  Pylon  
  21  1:45  Probe  
  22  1:50  Assimilator  
  22  1:57  Adept (Chrono Boost), Probe  
  25  2:01  Warp Gate  
  24  2:09  Probe  
  25  2:17  Stalker (Chrono Boost)  
  25  2:21  Probe  
  28  2:31  Twilight Council  
  28  2:33  Probe  
  29  2:45  Probe  
  29  2:47  Probe (Chrono Boost)  
  32  2:59  Probe (Chrono Boost)  
  32  3:02  Gateway  
  32  3:03  Probe (Chrono Boost), Blink (Chrono Boost)  
  33  3:08  Probe (Chrono Boost)  
  33  3:11  Probe (Chrono Boost)  
  35  3:14  Probe  
  36  3:20  Robotics Facility  
  36  3:21  Probe  
  36  3:26  Probe  
  38  3:32  Gateway  
  38  3:33  Probe  
  37  3:36  Gateway  
  37  3:38  Probe  
  38  3:46  Probe  
  39  3:50  Probe, Stalker  
  39  3:52  Pylon  
  42  3:57  Stalker  
  42  3:58  Probe  
  42  4:02  Pylon  
  45  4:03  Probe  
  45  4:09  Warp Prism (Chrono Boost)  
  48  4:17  Stalker  
  50  4:29  Stalker x2  
  54  4:32  Pylon  
  54  4:38  Stalker  
  54  4:42  Pylon  
  56  4:58  Stalker  
  56  4:59  Nexus  
  58  5:02  Stalker x2  
  58  5:05  Stalker  
  64  5:11  Probe  
  64  5:12  Probe  
  66  5:23  Probe  
  66  5:27  Stalker x3  
  71  5:29  Probe (Chrono Boost), Assimilator  
  71  5:36  Probe (Chrono Boost)  
  71  5:41  Probe (Chrono Boost)  
  73  5:47  Forge, Probe (Chrono Boost)  
  75  5:50  Probe (Chrono Boost)  
  75  5:52  Probe (Chrono Boost)  
  75  5:55  Probe  
  75  5:56  Pylon  
  76  6:00  Observer  
  78  6:06  Charge  
  78  6:07  Pylon  
  78  6:08  Pylon  
  78  6:09  Pylon  
  80  6:11  Probe (Chrono Boost)  
  80  6:13  Probe (Chrono Boost)  
  80  6:16  Shield Battery, Probe (Chrono Boost), Stalker  
  83  6:21  Probe (Chrono Boost)  
  83  6:22  Protoss Ground Weapons Level 1 (Chrono Boost), Probe (Chrono Boost)  
  83  6:25  Probe (Chrono Boost)  
  86  6:26  Probe (Chrono Boost)  
  86  6:27  Probe (Chrono Boost)  
  88  6:35  Probe  
  88  6:36  Gateway  
  88  6:37  Gateway  
  88  6:39  Observer, Probe  
  90  6:40  Gateway  
  90  6:43  Gateway  
  90  6:45  Probe  
  91  6:49  Probe  
  91  6:53  Templar Archives, Probe  
  93  6:56  Pylon  
  93  6:58  Probe  
  94  7:03  Stalker x2  
  94  7:04  Probe  
  94  7:05  Probe  
  100  7:10  Probe  
  100  7:14  Observer (Chrono Boost), Assimilator  
  100  7:15  Zealot x2, Pylon  
  106  7:29  Sentry  
  102  7:30  Zealot, Pylon  
  102  7:31  Pylon  
  104  7:37  Zealot x4  
  104  7:38  Zealot  
  104  7:43  Pylon  
  113  7:48  Probe  
  114  7:51  Nexus, Pylon  
  114  7:55  Pylon  
  114  7:58  High Templar  
  114  7:59  Zealot x6, High Templar  
  114  8:03  Archon  
  119  8:23  Zealot x4  
  119  8:24  Zealot x2  
  108  8:30  Psionic Storm  
  108  8:31  Immortal (Chrono Boost), Probe  
  108  8:32  Probe x2  
  103  8:35  Zealot  
  103  8:36  Zealot  
  109  8:44  Probe x2  
  109  8:47  Zealot x3  
  109  8:48  Zealot x2  
  119  8:49  Probe  
  119  8:55  Photon Cannon  
  120  8:57  Shield Battery  
  120  9:01  Probe  
  120  9:02  Probe, High Templar  
  120  9:06  High Templar  
  120  9:09  Photon Cannon  
  122  9:10  Probe  
  122  9:11  Probe  
  122  9:13  Probe  
  122  9:15  Probe  
  126  9:17  Gateway  
  126  9:20  Gateway  
  126  9:21  Gateway, High Templar  
  126  9:22  Probe  
  126  9:23  Probe  
  130  9:27  Forge  
  128  9:32  Zealot x4  
  131  9:46  Zealot x3  
  131  9:48  Protoss Ground Weapons Level 2 (Chrono Boost)  
  131  9:49  Probe  
  131  9:50  Probe  
  132  9:52  Probe  
  132  9:53  Zealot x4  
  132  9:54  Probe  
  132  9:57  Pylon  
  137  10:01  Probe  
  137  10:02  Probe  
  137  10:05  Probe  
  140  10:07  Zealot x2, Sentry  
  140  10:08  Zealot  
  140  10:10  Probe  
  140  10:11  Photon Cannon  
  145  10:15  Protoss Ground Armor Level 1 (Chrono Boost), Pylon  
  137  10:25  Zealot x5  
  137  10:26  Zealot x2  
  141  10:33  Immortal (Chrono Boost)  
  121  10:40  Zealot x4  
  121  10:42  Archon  
  127  10:46  Zealot x7  
  130  10:58  Nexus  
  130  11:01  High Templar x4  
  135  11:06  Photon Cannon, Assimilator  
  135  11:08  Probe x2  
  135  11:10  Shield Battery, Photon Cannon  
  137  11:12  Zealot x3  
  137  11:13  Observer (Chrono Boost)  
  137  11:18  Zealot  
  146  11:22  Zealot x2  
  146  11:24  Pylon x2  
  150  11:30  Zealot  
  146  11:37  Zealot x7  
  144  11:46  Zealot x3  
  120  11:54  Archon  
  120  11:55  Zealot  
  120  11:57  Zealot x4  
  114  12:02  Zealot x3  
  114  12:03  Protoss Ground Weapons Level 3 (Chrono Boost), Probe x2  
  114  12:04  Observer  
  120  12:14  High Templar  
  120  12:15  High Templar x2  
  122  12:16  Nexus  
  122  12:18  High Templar  
  122  12:19  Archon  
  122  12:21  Archon  
  126  12:27  High Templar  
  126  12:28  Zealot  
  126  12:29  Zealot x5  
  140  12:34  Probe  
  140  12:35  Probe x2  
  140  12:36  Pylon  
  143  12:37  Photon Cannon  
  143  12:39  Probe  
  143  12:40  Pylon  
  143  12:41  Protoss Ground Armor Level 2 (Chrono Boost)  
  143  12:46  Probe  
  143  12:47  Probe  
  143  12:48  Probe  
  143  12:50  Robotics Bay  
  146  12:51  Probe  
  146  12:52  Zealot x3  
  146  12:57  Zealot x3  
  155  13:07  Zealot x2, Stalker x2  
  162  13:15  Zealot x4  
  162  13:18  Probe  
  169  13:26  Shield Battery, Probe  
  162  13:27  Zealot x3  
  162  13:29  Photon Cannon  
  162  13:33  Zealot  
  162  13:34  Zealot x3  
  176  13:37  Colossus (Chrono Boost)  
  182  13:46  Zealot x4  
  188  13:52  Zealot x3  
  193  13:57  Zealot x3  
  183  14:07  Zealot x3  
  175  14:12  Zealot x3  
  175  14:15  Stalker x2  
  183  14:18  Colossus (Chrono Boost)  
  183  14:19  Stalker x2  
  183  14:33  Stalker x3  
  183  14:34  Zealot x3  
  183  14:40  Shield Battery  
  177  14:49  Zealot x3  
  177  14:50  Zealot  
  139  14:54  Zealot x3  
  122  15:01  Zealot x2  
  122  15:02  Zealot x2  
Tags
 
Add a new tag
Caveats
  • Supply blocks, unpowered buildings, or Contaminate may cause inaccurate times.
  • Supply counts are checked every 10 seconds.